 Dungeon Crawl Stone Soup version 0.24.0-13-gcf9b319 (webtiles) character file.

Game seed: 8347584680144519522, levelgen mode: deterministic

66 Boetheseconed the Skirmisher (level 3, -1/29 HPs)
             Began as a Demonspawn Abyssal Knight on Nov 26, 2019.
             Was a Follower of Lugonu.
             Slain by a gnoll
             ... wielding a +0 spear
              (2 damage)
             ... on level 2 of the Dungeon.
             The game lasted 00:04:37 (872 turns).

Boetheseconed the Skirmisher (DsAK)                  Turns: 872, Time: 00:04:38

Health: -1/29      AC: 18    Str: 18    XL:     3   Next: 96%
Magic:  4/4        EV:  7    Int: 13    God:    Lugonu [*.....]
Gold:   67         SH:  0    Dex: 12    Spells: 2/2 levels left

rFire    . . .     SeeInvis .   e - +2 mace (protect)
rCold    . . .     Gourm    .   (no shield)
rNeg     . . .     Faith    .   j - +0 chain mail
rPois    .         Spirit   .   (helmet restricted)
rElec    .         Reflect  .   l - +2 cloak
rCorr    .         Harm     .   (no gloves)
MR       .....                  (no boots)
Stlth    ..........             (no amulet)
HPRegen  0.09/turn              (no ring)
MPRegen  0.09/turn              (no ring)

@: mighty, protection aura
A: antennae 1, claws 1
a: Depart the Abyss, Renounce Religion


You were on level 2 of the Dungeon.
You worshipped Lugonu.
Lugonu was aware of your devotion.
You were not hungry.

You visited 1 branch of the dungeon, and saw 2 of its levels.
You visited the Abyss 1 time.

You collected 67 gold pieces.

Inventory:

Hand Weapons
 a - a +1 spear
 e - a +2 mace of protection (weapon)
Missiles
 k - 3 atropa-tipped darts (quivered)
Armour
 b - a +0 leather armour
 j - a +0 chain mail (worn)
 l - a +2 cloak (worn)
Scrolls
 d - 2 scrolls of remove curse {unknown}
 f - 4 scrolls of identify {unknown}
 m - 2 scrolls of random uselessness {unknown}
Potions
 g - a potion of might
 h - a potion of curing {unknown}
 i - a potion of degeneration {unknown}
 n - 2 potions of heal wounds {unknown}
Comestibles
 c - 3 rations


   Skills:
 + Level 3.5 Fighting
 + Level 1.7 Maces & Flails
 + Level 1.9 Polearms
 + Level 2.3 Armour
 + Level 1.4 Dodging
 + Level 2.4 Invocations


You had 2 spell levels left.
You didn't know any spells.
Your spell library was empty.

Dungeon Overview and Level Annotations

Branches:
Dungeon (2/15)

Altars:


Innate Abilities, Weirdness & Mutations

You have a pair of small antennae on your head.
You have sharp fingernails.


Message History

* * * LOW HITPOINT WARNING * * *
You thump the gnoll!
You kill the gnoll!
Lugonu accepts your kill.
The gnoll hits you but does no damage. x2
The gnoll barely misses you. The gnoll hits you with a +0 spear.
* * * LOW HITPOINT WARNING * * *
Things that are here:
a +0 flail; a gnoll corpse You sock the gnoll!
The gnoll is severely wounded.
The gnoll hits you but does no damage. The gnoll closely misses you.
You sock the gnoll!
You kill the gnoll!
Lugonu accepts your kill. The gnoll hits you with a +0 spear.
* * * LOW HITPOINT WARNING * * *
The gnoll hits you but does no damage.
You barely miss the gnoll. The gnoll hits you with a +0 spear.
You die...

...... ... .#..... ##
.. ....... ..###.#
....... .....#
.......## #...##
..^.....# #....#
........#######....#
............)@)....#
............g##)...###.
...........#.<.†.......
........##..<##....####
........####...........
........# #####..##...
....##.## ##.# ##. ....
#. .# .<


You could see a gnoll.

Vanquished Creatures
  3 gnolls (D:2)
  An adder (D:2)
  3 dart slugs (D:1)
  A giant cockroach (D:1)
  4 goblins
  A hobgoblin (D:1)
  6 kobolds (D:1)
  A bat (D:1)
  A frilled lizard (D:2)
  5 rats
26 creatures vanquished.

Notes
Turn   | Place    | Note
-------+----------+-------------------------------------------
     0 | Abyss:1  | Boetheseconed the Demonspawn Abyssal Knight began the quest
                  | for the Orb.
     0 | Abyss:1  | Reached XP level 1. HP: 18/18 MP: 2/2
     2 | Abyss:1  | Found an iron altar of Okawaru.
   105 | Abyss:1  | Noticed a golden eye
   111 | D:1      | Escaped the Abyss
   144 | D:1      | Reached skill level 1 in Dodging
   149 | D:1      | Reached * piety under Lugonu
   221 | D:1      | Gained mutation: You have sharp fingernails. [demonic
                  | ancestry]
   221 | D:1      | Reached XP level 2. HP: 10/24 MP: 3/3
   818 | D:2      | Reached skill level 1 in Maces & Flails
   818 | D:2      | Gained mutation: You have a pair of small antennae on your
                  | head. [demonic ancestry]
   818 | D:2      | Reached XP level 3. HP: 25/29 MP: 4/4
   869 | D:2      | HP: 1/29 [gnoll/+0 spear (1)]
   872 | D:2      | Slain by a gnoll

Levels and vault maps discovered:
D:1:      dpeg_arrival_arbitrary_c, layout_loops_cross
D:2:      layout_rooms, old_standard_altar, overflow_temple_1_default,
          first_ration

Skill      XL: |  1  2 |
---------------+-------+-----
Dodging        | 1 |  1.4
Armour         | 2 |  2.3
Maces & Flails | 1 |  1.7
Fighting       | |  3.5
Polearms       | |  1.9
Invocations    | |  2.4

Action                   || total
-------------------------++-------
Melee: Mace              ||    85
Invok: Depart the Abyss  ||     1
  Use: Potion            ||     1
Armor: Leather armour    ||     9
       Chain mail        ||    70
Dodge: Dodged            ||    47
